 Dungeon Crawl Stone Soup version 0.27.1-2-g3b301248ec (webtiles) character file.

Game seed: 10350976026097639795

41 barney the Changer (level 3, -6/28 HPs)
             Began as a Draconian Transmuter on Oct 1, 2021.
             Killed by nerve-wracking pain
             ... invoked by a shadow imp
             ... summoned by Natasha
              (8 damage)
             ... on level 2 of the Dungeon.
             The game lasted 00:01:30 (2222 turns).

barney the Changer (Draconian Transmuter)           Turns: 2222, Time: 00:01:30

Health: -6/28      AC:  5    Str: 12    XL:     3   Next: 32%
Magic:  6/6        EV: 12    Int: 14    God:
Gold:   54         SH:  0    Dex: 11    Spells: 5/6 levels left

rFire    + . .     SeeInvis .   c - +0 trident
rCold    + . .     Faith    .   (no shield)
rNeg     . . .     Spirit   .   (armour unavailable)
rPois    +         Reflect  .   (helmet currently unavailable)
rElec    +         Harm     .   (no cloak)
rCorr    +         Rampage  .   (no gloves)
Will     .....                  (boots currently unavailable)
Stlth    +.........             (no amulet)
HPRegen  0.09/turn              (no ring)
MPRegen  0.10/turn              (no ring)

@: appendages (expiring), resistant
A: horns 2, talons 2, AC +5, unfitting armour, cold-blooded
a: End Transformation


You were on level 2 of the Dungeon.
You had temporarily grown beastly horns and talons.
You visited 1 branch of the dungeon, and saw 2 of its levels.

You collected 54 gold pieces.

Inventory:

Hand Weapons
 c - a +0 trident (weapon)
Scrolls
 b - a scroll of amnesia {unknown}
 e - a scroll of acquirement {unknown}
 g - a scroll of identify {unknown}
Potions
 f - a potion of brilliance {unknown}


   Skills:
 - Level 1.1 Fighting
 - Level 1.7 Dodging
 - Level 3.0 Unarmed Combat
 - Level 2.0 Spellcasting
 + Level 3.8 Transmutations


You had 5 spell levels left.
You knew the following spells:

 Your Spells              Type           Power      Damage    Failure   Level
a - Beastly Appendage     Tmut           24%        N/A       4%          1

Your spell library contained the following spells:

 Spells                   Type           Power      Damage    Failure   Level
 Wereblood                Tmut           12%        N/A       8%          2
 Spider Form              Tmut/Pois      3%         N/A       32%         3
 Ensorcelled Hibernation  Hex/Ice        2%         N/A       34%         2
 Ice Form                 Ice/Tmut       6%         N/A       71%         4
 Shadow Creatures         Summ           N/A        N/A       100%        6


Dungeon Overview and Level Annotations

Branches:
Dungeon (2/15)

Altars:

Annotations:
D:2 Natasha


Innate Abilities, Weirdness & Mutations

You have temporarily grown beastly horns and talons.
Your plain brown scales are hard. (AC +5)
You cannot fit into any form of body armour.
You are cold-blooded and may be slowed by cold attacks.


Message History

The shadow imp lashes its tail.
The shadow imp hits you.
* * * LOW HITPOINT WARNING * * *
It was a potion of curing.
You feel better. Natasha casts a spell at you. The magic dart hits you.
* * * LOW HITPOINT WARNING * * *
The shadow imp closely misses you.
You barely miss Natasha. Your headbutt misses Natasha.
Natasha is severely wounded.
Natasha barely misses you. The shadow imp barely misses you.
You hit Natasha but do no damage. You headbutt Natasha, but do no damage.
Natasha is severely wounded.
Your transformation is almost over.
Natasha claws you.
* * * LOW HITPOINT WARNING * * *
The shadow imp completely misses you.
Natasha stares at you and mumbles some strange words.
The magic dart hits you.
* * * LOW HITPOINT WARNING * * *
The shadow imp hits you but does no damage.
You hit Natasha but do no damage.
Natasha is severely wounded.
Natasha closely misses you. The shadow imp barely misses you.
You hit Natasha.
Natasha is almost dead.
Natasha misses you.
The shadow imp hits you but does no damage.
You closely miss Natasha.
Natasha is almost dead.
Natasha claws you.
* * * LOW HITPOINT WARNING * * *
The shadow imp closely misses you. Natasha misses you.
The shadow imp hits you but does no damage.
You closely miss Natasha.
Natasha is almost dead.
Natasha zaps a wand.
The puff of flame misses you. The shadow imp gestures at you.
Pain shoots through your body!
You die...

#.#.. #.#.#####
#.#.(...## ###
#.#.....##.######### ..#
#.#..... .#........ ..#
#.#... .........
..###.#.########5.......
................@h...>..
≈≈############..........
.≈........# #..........
≈..######.. ....#####.##
≈..# ###.## # ...# ...
≈.## .#.# ..# #.#.# ..#


You could see Natasha and a shadow imp (summoned).

Vanquished Creatures
  An adder (D:2)
  4 ball pythons
  3 bats
  2 endoplasms (D:2)
  2 giant cockroaches (D:1)
  2 goblins (D:1)
  6 hobgoblins
  2 kobolds
  3 quokkas (D:1)
  2 frilled lizards (D:1)
  A rat (D:1)
28 creatures vanquished.

Notes
Turn   | Place    | Note
-------+----------+-------------------------------------------
     0 | D:1      | barney the Draconian Transmuter began the quest for the
                  | Orb.
     0 | D:1      | Reached XP level 1. HP: 16/16 MP: 3/3
   901 | D:1      | Reached XP level 2. HP: 23/23 MP: 3/5
  1930 | D:2      | Reached XP level 3. HP: 23/28 MP: 4/6
  2044 | D:2      | Found a faded altar of an unknown god.
  2203 | D:2      | Noticed Natasha
  2222 | D:2      | Killed from afar by a shadow imp

Illustrated notes

Levels and vault maps discovered:
D:1:      nagdon_arrival_double_spiral, layout_loops_ring
D:2:      layout_basic, chequers_ecumenical_altar_island, uniq_natasha

Skill      XL: |  1  2 |
---------------+-------+-----
Transmutations | 3 |  3.8
Fighting       | |  1.1
Dodging        | |  1.7
Unarmed Combat | |  3.0
Spellcasting   | |  2.0

Action                   || total
-------------------------++-------
Melee: Unarmed           ||    20
       Kick              ||     9
       Trident           ||    63
       Headbutt          ||     5
       Tailslap          ||     7
 Cast: Beastly Appendage ||    19
  Use: Potion            ||     2
 Stab: Sleeping          ||     3
Armor: Skin              ||    19
Dodge: Dodged            ||    58
